 Dungeon Crawl Stone Soup version 0.30-a0-311-gf115ab0292 (webtiles) character file.

Game seed: 6158065864457682393

7692 IdlyInterested the Slicer (level 11, -3/79 HPs)
             Began as a Demonspawn Wanderer on Oct 25, 2022.
             Slain by a three-headed hydra (11 damage)
             ... on level 10 of the Dungeon.
             The game lasted 00:44:56 (8399 turns).

IdlyInterested the Slicer (Demonspawn Wanderer)     Turns: 8399, Time: 00:44:57

Health: -3/79      AC: 15    Str: 15    XL:     11   Next: 0%
Magic:  21/21      EV: 13    Int: 18    God:
Gold:   2266       SH:  0    Dex: 19    Spells: 19/24 levels left

rFire   . . .      SeeInvis .    C - +10 falchion of Bigats {flame, rN+ Will+ Str+3}
rCold   . . .      Faith    .    (no shield)
rNeg    + + .      Spirit   .    O - +1 robe of the Trombone {rElec rN+ Regen+ Dex+3}
rPois   +          Reflect  .    y - +2 helmet {Int+3}
rElec   +          Harm     .    (no cloak)
rCorr   .          Rampage  .    (no gloves)
Will    +....                    V - +1 pair of boots {Fly}
Stlth   ++++......               (no amulet)
HPRegen 1.13/turn                k - ring of poison resistance
MPRegen 0.17/turn                p - +4 ring of protection

@: flying
A: icy blue scales 2, powered by death 1, demonic magic 1, bedeviling, demonic
touch 2
a: no special abilities


You were on level 10 of the Dungeon.
You visited 2 branches of the dungeon, and saw 11 of its levels.
You also visited: Ossuary and Bailey.

You collected 2566 gold pieces.
You spent 300 gold pieces at shops.

Inventory:

Hand Weapons
 a - a +4 falchion
 u - the +6 dagger of Imminent Death {flame, rF+++ Will- SInv}
   (You found it on level 4 of the Dungeon)

   It burns those it strikes, dealing additional fire damage.
   rF:        It renders you almost immune to fire.
   SInv:      It lets you see invisible.
   Will:      It decreases your willpower.
 C - the +10 falchion of Bigats (weapon) {flame, rN+ Will+ Str+3}
   (You found it on level 7 of the Dungeon)

   It burns those it strikes, dealing additional fire damage.
   Big, fiery blades are also staple armaments of hydra-hunters.
   Str:       It affects your strength (+3).
   rN:        It protects you from negative energy.
   Will:      It increases your willpower.
Missiles
 b - 2 throwing nets
 c - 4 javelins
 L - 20 poisoned darts
 P - 5 atropa-tipped darts
 S - 26 boomerangs
Armour
 h - a +3 leather armour
 y - a +2 helmet of intelligence (worn)
 O - the +1 robe of the Trombone (worn) {rElec rN+ Regen+ Dex+3}
   (You bought it in a shop on level 6 of the Dungeon)

   Dex:       It affects your dexterity (+3).
   rElec:     It insulates you from electricity.
   rN:        It protects you from negative energy.
   Regen:     It increases your rate of health regeneration.
 Q - a +0 hat
 V - a +1 pair of boots of flying (worn)
Jewellery
 k - a ring of poison resistance (left hand)
 p - a +4 ring of protection (right hand)
 v - a ring of fire
 w - a ring of flight
 U - the ring "Befaaph" {Wiz rF++ rC-}
   (You found it on level 9 of the Dungeon)

   [ring of wizardry]

   It improves your spell success rate.
   rF:        It greatly protects you from fire.
   rC:        It makes you vulnerable to cold.
Wands
 J - a wand of quicksilver (7)
 K - a wand of flame (15)
Scrolls
 d - 6 scrolls of enchant weapon
 l - 3 scrolls of immolation
 n - 3 scrolls of fog
 o - 5 scrolls of teleportation
 q - a scroll of silence
 s - 3 scrolls of vulnerability
 x - 4 scrolls of magic mapping
 z - a scroll of amnesia {unknown}
 D - 2 scrolls of summoning {unknown}
 H - a scroll of fear
 I - 2 scrolls of poison {unknown}
 R - 2 scrolls of enchant armour {unknown}
 T - a scroll of torment {unknown}
Potions
 e - 2 potions of berserk rage {unknown}
 f - 2 potions of resistance
 i - 3 potions of lignification
 j - 11 potions of curing
 m - 5 potions of heal wounds {unknown}
 r - a potion of magic
 t - 2 potions of mutation {unknown}
 A - 2 potions of haste {unknown}
 B - 2 potions of ambrosia {unknown}
 E - a potion of attraction
 F - 5 potions of flight
 G - a potion of might
 M - a potion of brilliance
 N - a potion of cancellation
Miscellaneous
 g - a tin of tremorstones (2/2)


   Skills:
 - Level 5.0 Fighting
 - Level 9.8(10.0) Short Blades
 - Level 2.6(6.7) Long Blades
 - Level 2.0 Armour
 + Level 3.2 Dodging
 - Level 7.0 Stealth
 * Level 3.7 Unarmed Combat
 - Level 7.0 Spellcasting
 - Level 1.0 Fire Magic
 - Level 4.0 Evocations


You had 19 spell levels left.
You knew the following spells:

 Your Spells              Type           Power      Damage    Failure   Level
a - Foxfire               Conj/Fire      32%        2x1d5     9%          1
b - Apportation           Tloc           12%        N/A       11%         1
c - Confusing Touch       Hex            9%         N/A       32%         3

Your spell library contained the following spells:

 Spells                   Type           Power      Damage    Failure   Level
 Magic Dart               Conj           24%        1d4       11%         1
 Necrotise                Necr           24%        1d5       11%         1
 Slow                     Hex            36%        N/A       11%         1
 Summon Small Mammal      Summ           24%        N/A       11%         1
 Ensorcelled Hibernation  Hex/Ice        18%        N/A       16%         2
 Passwall                 Tmut/Erth      5%         N/A       16%         2
 Searing Ray              Conj           12%        2d4       16%         2
 Inner Flame              Hex/Fire       12%        N/A       26%         3
 Gell's Gravitas          Tloc           6%         N/A       32%         3
 Ozocubu's Armour         Ice            6%         N/A       32%         3
 Spider Form              Tmut/Pois      6%         N/A       32%         3
 Swiftness                Air            6%         N/A       32%         3
 Teleport Other           Tloc           6%         N/A       32%         3
 Vampiric Draining        Necr           6%         2d6       32%         3
 Anguish                  Hex/Necr       4%         N/A       71%         4
 Animate Dead             Necr           6%         N/A       71%         4
 Fulminant Prism          Conj/Hex       4%         3d6       71%         4
 Agony                    Necr           6%         N/A       96%         5
 Dispersal                Tloc           3%         N/A       100%        6
 Haunt                    Necr/Summ      3%         N/A       100%        7
 Ozocubu's Refrigeration  Ice            3%         4d8       100%        7
 Infestation              Necr           3%         N/A       100%        8


Dungeon Overview and Level Annotations

Branches:
Dungeon (10/15)            Temple (1/1) D:6            Lair (0/5) D:10
    Orc (0/2) D:10        Ossuary (visited)          Bailey (visited)

Altars:
Ashenzari
Cheibriados
Fedhas
Gozag
Hepliaklqana
Kikubaaqudgha
Nemelex Xobeh
Okawaru
Qazlal
Ru
Sif Muna
Trog
Uskayaw
Wu Jian
Xom
Yredelemnul

Shops:
D:6 **


Innate Abilities, Weirdness & Mutations

You are mostly covered in icy blue scales. (AC +3)
You regenerate a little health from kills.
Spells you cast may paralyse adjacent enemies.
Your hexes are more powerful.
Your touch may inflict irresistible damage on your foes.


Message History

The foxfire hits the six-headed hydra.
The six-headed hydra is moderately wounded.
The foxfire hits the six-headed hydra.
The six-headed hydra is moderately wounded.
The six-headed hydra completely misses you.
The six-headed hydra misses you. The six-headed hydra bites you!
The six-headed hydra bites you but does no damage.
The six-headed hydra bites you! x2
You barely miss the six-headed hydra.
The six-headed hydra is moderately wounded.
The six-headed hydra closely misses you.
The six-headed hydra bites you. The six-headed hydra bites you!
The six-headed hydra completely misses you.
The six-headed hydra bites you!
* * * LOW HITPOINT WARNING * * *
The six-headed hydra bites you but does no damage.
Okay, then.
You slice one of the six-headed hydra's heads off!
The flame cauterises the wound!
You hit the five-headed hydra. You burn the five-headed hydra.
You touch the five-headed hydra!
The five-headed hydra is heavily wounded.
The five-headed hydra completely misses you.
The five-headed hydra bites you but does no damage. x2
The five-headed hydra closely misses you.
The five-headed hydra bites you but does no damage.
You chop one of the five-headed hydra's heads off!
The flame cauterises the wound!
You slash the four-headed hydra! You burn the four-headed hydra.
You touch the four-headed hydra!
The four-headed hydra is severely wounded.
The four-headed hydra closely misses you.
The four-headed hydra bites you!
* * * LOW HITPOINT WARNING * * *
The four-headed hydra bites you but does no damage. x2
You slice one of the four-headed hydra's heads off!
The flame cauterises the wound!
You hit the three-headed hydra. You burn the three-headed hydra.
You touch the three-headed hydra!
The three-headed hydra is almost dead.
The three-headed hydra closely misses you.
The three-headed hydra bites you!
You die...

..........# #................##.
##........# *#..#...P.......#....
###.....## #...##.........##...#
####.## #...####.....####...#
******########,,...###.........##
,,,,,****PP.[####...####.......#,
,,,,,,*,*P.....#P....# ####...##,
**,,,,,,*.~~P......P#* #...#,,
**,,,,,,,,~~P♣PD@...### #..##,,
*,,,,,*,,,,,,#.#......### #..#+*+
**,,,****,,,,####.......###..#,**
****** *****#...........##.##,**
**,,,,* #...............#**,*
,,,,,,** ##.............##,*,*
,,,,,,,* ##............#,,**,
,,,,,,** ***#.#.........##,*,*,
,,,,,,* **,...#.#....†..#,,*,**


You could see a three-headed hydra.

Vanquished Creatures
  A two-headed ogre (D:9)
  A cyclops (D:8)
  A shadow (D:9)
  2 wraiths (Ossuary)
  A wyvern (D:8)
  10 yaks
  A steam dragon (D:6)
  Edmund (D:5)
  3 wargs (D:10)
  Menkaure (D:6)
  4 water moccasins
  10 orc warriors
  2 ice beasts (D:7)
  3 sky beasts (D:7)
  An ogre (D:4)
  A centaur (D:6)
  3 bullfrogs
  2 kobold brigands (D:6)
  2 scorpions
  A necrophage (D:4)
  3 wights (Ossuary)
  9 killer bees
  4 howler monkeys
  2 hounds (D:5)
  7 orc priests
  A jelly (D:4)
  An iguana (D:5)
  7 orc wizards
  8 gnolls
  7 adders
  A shadow imp (D:6)
  A white imp (D:7)
  An ufetubus (D:5)
  2 adder zombies (Ossuary)
  3 worms
  5 dart slugs
  36 orcs
  3 ball pythons
  4 bats
  5 endoplasms
  A giant cockroach (D:1)
  7 goblins
  11 hobgoblins
  5 quokkas
  A ball python skeleton (Ossuary)
  A frilled lizard (D:1)
  A hobgoblin zombie (Ossuary)
  25 kobolds
  3 kobold zombies
  An orc skeleton (Ossuary)
  2 orc zombies (Ossuary)
  3 rats
  A spectral orc (D:3)
  A butterfly (D:6)
224 creatures vanquished.

Vanquished Creatures (collateral kills)
  2 foxfires (D:8)
2 creatures vanquished.

Vanquished Creatures (others)
  101 foxfires
101 creatures vanquished.

Grand Total: 327 creatures vanquished

Notes
Turn   | Place    | Note
-------+----------+-------------------------------------------
     0 | D:1      | IdlyInterested the Demonspawn Wanderer began the quest for
                  | the Orb.
     0 | D:1      | IdlyInterested set off with the following items: a +3
                  | falchion, a potion of invisibility, a +0 robe; and the
                  | following spell memorised: Foxfire; and the following
                  | spells available to memorise: Inner Flame.
     0 | D:1      | Reached XP level 1. HP: 18/18 MP: 3/3
   325 | D:1      | Gained mutation: You regenerate a little health from kills.
                  | [demonic ancestry]
   325 | D:1      | Reached XP level 2. HP: 21/24 MP: 5/5
   800 | D:2      | Gained mutation: Your touch may inflict minor irresistible
                  | damage on your foes. [demonic ancestry]
   800 | D:2      | Reached XP level 3. HP: 29/30 MP: 6/6
  1692 | D:3      | Found a hide-covered altar of Uskayaw.
  1794 | D:3      | Gained mutation: Spells you cast may paralyse adjacent
                  | enemies. [demonic ancestry]
  1794 | D:3      | Reached XP level 4. HP: 8/38 MP: 7/7
  1797 | D:3      | Reached skill level 5 in Fighting
  1926 | D:3      | Found a hazy altar of Hepliaklqana.
  1995 | D:3      | Found a bloodstained altar of Trog.
  2087 | D:3      | Reached skill level 1 in Stealth
  2087 | D:3      | Reached XP level 5. HP: 44/44 MP: 8/8
  2464 | D:3      | Found an iron altar of Okawaru.
  2568 | D:4      | Reached skill level 1 in Short Blades
  2635 | D:4      | Reached skill level 1 in Dodging
  2635 | D:4      | Gained mutation: You are partially covered in icy blue
                  | scales. (AC +2) [demonic ancestry]
  2635 | D:4      | Reached XP level 6. HP: 51/51 MP: 9/9
  2832 | D:4      | Found an ancient bone altar of Kikubaaqudgha.
  2896 | D:4      | Reached skill level 2 in Short Blades
  2912 | D:4      | Identified the +6 dagger of Imminent Death {flame, rF+++
                  | Will- SInv}
  3207 | D:5      | Entered Level 5 of the Dungeon
  3235 | D:5      | Noticed Edmund
  3254 | D:5      | Killed Edmund
  3255 | D:5      | Reached XP level 7. HP: 42/56 MP: 5/12
  3723 | D:5      | Reached skill level 3 in Short Blades
  3735 | D:5      | Found a sparkling altar of Nemelex Xobeh.
  3738 | D:5      | Found an opulent altar of Gozag.
  3897 | D:6      | Found Wech's Assorted Antiques.
  3900 | D:6      | Bought a lumpy pink potion for 20 gold pieces
  3900 | D:6      | Bought a yellow potion for 20 gold pieces
  3900 | D:6      | Bought a dark potion for 20 gold pieces
  3962 | D:6      | Reached skill level 5 in Stealth
  3986 | D:6      | Found a sacrificial altar of Ru.
  4025 | D:6      | Found Sodud's Assorted Antiques.
  4034 | D:6      | Bought a scroll labelled QAANEA POLE for 23 gold pieces
  4034 | D:6      | Bought a yellow potion for 20 gold pieces
  4034 | D:6      | Bought a clear potion for 20 gold pieces
  4043 | D:6      | Found a sand-covered staircase.
  4051 | Ossuary  | Entered an ossuary
  4107 | Ossuary  | Gained mutation: Your touch may inflict irresistible damage
                  | on your foes. [demonic ancestry]
  4107 | Ossuary  | Reached XP level 8. HP: 62/62 MP: 13/13
  4146 | Ossuary  | Noticed a flying skull
  4162 | Ossuary  | Noticed a flying skull
  4176 | Ossuary  | Noticed a flying skull
  4181 | Ossuary  | Noticed a flying skull
  4200 | Ossuary  | Reached skill level 4 in Short Blades
  4293 | Ossuary  | Noticed a flying skull
  4417 | D:6      | Found a stormy altar of Qazlal.
  4611 | D:6      | Reached skill level 5 in Short Blades
  4611 | D:6      | Reached skill level 1 in Unarmed Combat
  4859 | D:6      | Found a staircase to the Ecumenical Temple.
  4865 | Temple   | Entered the Ecumenical Temple
  4865 | Temple   | Noticed a smoke demon
  4865 | Temple   | Noticed a shadow demon
  4865 | Temple   | Noticed a balrug
  4866 | Temple   | Noticed Daler the pandemonium lord
  4866 | Temple   | Noticed a Brimstone Fiend
  4866 | Temple   | Noticed Hodgh the pandemonium lord
  4866 | Temple   | Noticed a hellion
  4866 | Temple   | Noticed a red devil
  4866 | Temple   | Noticed a smoke demon
  4868 | Temple   | Noticed a red devil
  4869 | Temple   | Noticed Igacefry the pandemonium lord
  4910 | Temple   | Noticed a hell beast
  4910 | Temple   | Noticed Uhucs the pandemonium lord
  4911 | Temple   | Noticed a shadow demon
  4911 | Temple   | Noticed a cacodemon
  4928 | Temple   | Noticed a red devil
  4928 | Temple   | Noticed Voulazad the pandemonium lord
  4929 | Temple   | Noticed a sun demon
  4937 | Temple   | Noticed Riunuese the pandemonium lord
  5106 | D:6      | Noticed Menkaure
  5112 | D:6      | Killed Menkaure
  5314 | D:6      | Bought a wizard robe for 131 gold pieces
  5314 | D:6      | Identified the +1 robe of the Trombone {rElec rN+ Regen+
                  | Dex+3} (You bought it in a shop on level 6 of the Dungeon)
  5314 | D:6      | Bought a scroll of identify for 46 gold pieces
  5547 | D:7      | Reached skill level 6 in Short Blades
  5547 | D:7      | Gained mutation: You are mostly covered in icy blue scales.
                  | (AC +3) [demonic ancestry]
  5547 | D:7      | Reached XP level 9. HP: 68/68 MP: 15/15
  5957 | D:7      | Identified the +10 falchion of Bigats {flame, rN+ Will+
                  | Str+3}
  6073 | D:7      | Reached skill level 1 in Evocations
  6132 | D:7      | Reached skill level 7 in Short Blades
  6320 | D:7      | Reached skill level 5 in Spellcasting
  6535 | D:8      | Learned a level 1 spell: Apportation
  6703 | D:8      | Noticed a cyclops
  6716 | D:8      | Killed a cyclops
  6717 | D:8      | Reached skill level 8 in Short Blades
  6825 | D:8      | Found an ornate altar of the Wu Jian Council.
  6880 | D:8      | Reached XP level 10. HP: 74/74 MP: 15/18
  6883 | D:8      | Reached skill level 9 in Short Blades
  7407 | D:9      | Identified the ring "Befaaph" {Wiz rF++ rC-}
  7489 | D:9      | Noticed a two-headed ogre
  7513 | D:9      | Killed a two-headed ogre
  7685 | D:9      | Found a shimmering blue altar of Sif Muna.
  7803 | D:10     | Entered Level 10 of the Dungeon
  7803 | D:10     | Found a staircase to the Lair.
  7843 | D:10     | Identified a scroll of acquirement
  7843 | D:10     | Acquired 1034 gold pieces
  7887 | D:10     | Found a flagged portal.
  7897 | Bailey   | Entered a bailey
  8366 | D:10     | Gained mutation: Your hexes are more powerful. [demonic
                  | ancestry]
  8366 | D:10     | Reached XP level 11. HP: 79/79 MP: 17/21
  8370 | D:10     | Learned a level 3 spell: Confusing Touch
  8385 | D:10     | Found the +1 robe of Vines {NoPotionHeal Regen++++}
  8389 | D:10     | Noticed a seven-headed hydra
  8399 | D:10     | Slain by a three-headed hydra

Illustrated notes

Levels and vault maps discovered:
D:1:      matt_arrival_diagonals, layout_basic, serial_bayou_pond_e
D:2:      layout_basic
D:3:      layout_basic, mainiacjoe_overflow_brackets, trog_three_pillars_becter,
          nicolae_uskayaw_murder_on_the_dancefloor,
          nicolae_hepliaklqana_monster_ancestors, feat_on_display
D:4:      layout_basic, mainiacjoe_overflow_cross_hatched
D:5:      layout_rooms, grunt_temple_overflow_opulence, minmay_misc_feat_doors,
          uniq_edmund
D:6:      layout_loops_corners, lemuel_tele_altar, mainiacjoe_overflow_alcove_2,
          minmay_temple_entry_butterflies, serial_shops, shop, enter_ossuary_3,
          nicolae_stop_n_shop_1, uniq_menkaure
D:7:      layout_basic
D:8:      layout_rooms, elyvilon_altar_5, mainiacjoe_overflow_boulevard
D:9:      layout_rooms, mainiacjoe_overflow_surrounded_room,
          dreamdust_princess_bridge, minivault_21
D:10:     minmay_the_grid_triangle_9x9_rhombus_thin
          [minmay_the_grid_triangle_9x9_swiss_cheese,
          minmay_the_grid_triangle_9x9_prize_special,
          minmay_the_grid_triangle_9x9_longest,
          minmay_the_grid_triangle_9x9_zippers_vertical], layout_cave_pods,
          zin_academy, mainiacjoe_overflow_alcove_1, general_overflow_altar,
          nicolae_dithmenos_shadow_blocks, erik_lair_orcish_takeover,
          david_orc_2, enter_trove_0, enter_bailey_8,
          hellmonk_guarded_unrand_vines
Temple:   nicolae_temple_panitentiary

Skill      XL: |  1  2  3  4  5  6  7  8  9 10 |
---------------+-------------------------------+-----
Fighting       | 4 5 |  5.0
Armour         | 2 |  2.0
Stealth        | 1 2 3 5 6 7 |  7.0
Short Blades   | 1 2 3 6 8 9 |  9.8
Dodging        | 1 2 3 |  3.2
Spellcasting   | 3 4 5 7 |  7.0
Unarmed Combat | 1 2 3 |  3.7
Evocations     | 3 4 |  4.0
Long Blades    | |  2.6
Fire Magic     | |  1.0

Action                   |  1- 3 |  4- 6 |  7- 9 | 10-12 || total
-------------------------+-------+-------+-------+-------++-------
Melee: Falchion          |    80 |    93 |       |     5 ||   178
       Touch             |     4 |    24 |    31 |    34 ||    93
       Dagger            |       |    21 |   142 |   143 ||   306
       Punch             |       |     1 |     2 |     2 ||     5
Throw: Javelin           |       |       |       |     2 ||     2
       Dart              |       |       |       |     1 ||     1
       Boomerang         |       |       |       |     1 ||     1
 Cast: Foxfire           |       |     6 |    18 |    33 ||    57
Evoke: Wand              |       |       |     3 |       ||     3
  Use: Scroll            |     8 |     1 |     4 |     5 ||    18
       Potion            |     3 |       |       |     1 ||     4
 Stab: Sleeping          |     2 |     2 |    19 |     2 ||    25
       Invisible         |       |     1 |       |       ||     1
       Paralysed         |       |     4 |    15 |    25 ||    44
Armor: Robe              |    22 |       |    21 |    67 ||   110
       Leather armour    |     3 |    42 |    23 |       ||    68
Dodge: Dodged            |    32 |    63 |    60 |   102 ||   257

Table legend: (Time is in decaauts)
 A = Elapsed time spent in this place.
 B = Non-inter-level travel time spent in this place.
 C = Inter-level travel time spent in this place.
 D = Time resting spent in this place.
 E = Time spent auto-exploring this place.
 F = Levels seen in this place.
 G = Mean time per level.
                   A        B        C        D        E       F      G
               +--------+--------+--------+--------+--------+-----+--------+
         Total |   8329 |   7113 |   1216 |    592 |   4147 |  13 |  640.7 |
       Dungeon |   7560 |   6344 |   1216 |    493 |   4015 |  10 |  756.0 |
        Temple |    118 |    118 |      0 |      0 |     84 |   1 |  118.0 |
       Ossuary |    342 |    342 |      0 |     99 |     41 |   1 |  342.0 |
        Bailey |    308 |    308 |      0 |      0 |      7 |   1 |  308.0 |
               +--------+--------+--------+--------+--------+-----+--------+

Top non-repeatable levels by time:
     D:7: 1185 daAuts
     D:6: 1105 daAuts
     D:3: 1017 daAuts
     D:1: 879 daAuts
     D:4: 723 daAuts
     D:2: 689 daAuts
     D:5: 605 daAuts
     D:8: 566 daAuts
     D:9: 539 daAuts
 Ossuary: 342 daAuts
  Bailey: 308 daAuts
    D:10: 246 daAuts
  Temple: 118 daAuts
